Map: Recife Abissal LE

Players

Kels

  • Race: Protoss Protoss
  • League: Diamond
  • Spawn Location: 5:00

efelinto - Winner!

  • Race: Protoss Protoss
  • Spawn Location: 11:00

VOD

Have the link to the VOD?

Description

Time

  • Played on: April 8, 2017, 7:17 p.m.
  • Length: 8:48
Show
View Real Time Build Order
Export as new Build Order

Kels Protoss 

Build Orders:  

Get SALT Encoding   

  12  0:01  Probe (Chrono Boost)  
  13  0:12  Probe (Chrono Boost)  
  14  0:21  Pylon  
  14  0:26  Probe (Chrono Boost)  
  15  0:43  Probe (Chrono Boost), Gateway  
  15  0:48  Assimilator  
  16  0:53  Probe (Chrono Boost)  
  18  1:04  Probe (Chrono Boost)  
  18  1:12  Assimilator  
  18  1:15  Probe (Chrono Boost)  
  19  1:20  Pylon  
  19  1:26  Probe (Chrono Boost)  
  20  1:34  Cybernetics Core  
  20  1:37  Probe (Chrono Boost)  
  21  1:46  Gateway  
  21  1:48  Probe (Chrono Boost)  
  22  1:58  Probe (Chrono Boost)  
  23  2:09  Probe (Chrono Boost)  
  23  2:14  Robotics Facility  
  23  2:22  Warp Gate  
  23  2:25  Zealot  
  25  2:35  Pylon  
  25  2:40  Stalker  
  27  2:50  Pylon  
  27  2:57  Stalker  
  27  2:58  Immortal  
  33  3:17  Zealot  
  35  3:32  Immortal  
  39  3:48  Gateway  
  39  3:58  Gateway  
  39  4:05  Pylon  
  39  4:06  Warp Prism  
  41  4:57  Immortal  
  45  5:11  Pylon  
  45  5:52  Stalker x3  
  45  5:53  Stalker  
  35  6:28  Immortal  
  35  6:29  Stalker x4  
  43  6:51  Stalker  
  43  6:52  Stalker x3  
  51  7:05  Immortal  
  55  7:15  Stalker  
  55  7:16  Stalker  
  55  7:17  Stalker x2  
  43  7:47  Stalker  
  43  7:48  Stalker x2  
  49  7:57  Immortal  
  53  8:12  Sentry  
  53  8:13  Adept  
  53  8:14  Adept  
  53  8:18  Sentry  
Show
View Real Time Build Order
Export as new Build Order

efelinto Protoss - Winner!

Build Orders: 1 Gate Expand 

Get SALT Encoding   

  12  0:02  Probe (Chrono Boost)  
  13  0:12  Probe (Chrono Boost)  
  14  0:18  Pylon  
  14  0:23  Probe (Chrono Boost)  
  15  0:36  Probe (Chrono Boost)  
  16  0:43  Gateway  
  16  0:47  Probe (Chrono Boost)  
  17  0:57  Probe (Chrono Boost)  
  18  1:08  Probe (Chrono Boost)  
  19  1:17  Assimilator  
  19  1:30  Probe (Chrono Boost)  
  19  1:32  Nexus  
  20  1:36  Cybernetics Core  
  20  1:40  Probe (Chrono Boost)  
  21  1:51  Probe (Chrono Boost)  
  22  2:00  Pylon  
  22  2:01  Probe (Chrono Boost)  
  22  2:07  Warp Gate  
  23  2:19  Probe (Chrono Boost)  
  24  2:22  Pylon  
  25  2:31  Probe (Chrono Boost)  
  25  2:32  Assimilator  
  25  2:37  Gateway  
  25  2:46  Probe (Chrono Boost)  
  25  2:47  Probe (Chrono Boost)  
  27  2:56  Probe (Chrono Boost)  
  29  2:59  Probe (Chrono Boost)  
  29  3:07  Probe (Chrono Boost)  
  31  3:13  Probe (Chrono Boost)  
  31  3:15  Gateway  
  31  3:17  Gateway  
  31  3:22  Twilight Council  
  31  3:26  Pylon  
  33  3:27  Probe x2 (Chrono Boost)  
  33  3:36  Assimilator  
  33  3:37  Probe (Chrono Boost)  
  33  3:39  Probe (Chrono Boost)  
  35  3:42  Assimilator  
  35  3:48  Probe (Chrono Boost)  
  38  3:51  Probe (Chrono Boost)  
  37  3:58  Pylon  
  37  3:59  Pylon  
  37  4:01  Mothership Core (Chrono Boost)  
  40  4:03  Probe (Chrono Boost)  
  40  4:14  Probe (Chrono Boost)  
  41  4:19  Probe (Chrono Boost)  
  42  4:32  Robotics Facility  
  42  4:35  Robotics Facility  
  42  4:37  Sentry  
  42  4:38  Sentry  
  46  4:39  Sentry  
  46  4:40  Stalker  
  46  4:43  Probe (Chrono Boost)  
  46  4:44  Probe (Chrono Boost)  
  52  4:54  Probe x2 (Chrono Boost), Gateway x2  
  54  5:01  Pylon  
  54  5:03  Stalker  
  54  5:04  Probe (Chrono Boost)  
  54  5:05  Probe (Chrono Boost)  
  58  5:08  Stalker  
  60  5:15  Probe (Chrono Boost), Stalker  
  60  5:18  Stalker  
  65  5:36  Nexus  
  65  5:38  Observer  
  65  5:40  Immortal  
  70  5:53  Zealot x2  
  70  5:54  Zealot x2  
  70  6:22  Zealot x2  
  70  6:23  Zealot x2  
  78  6:44  Pylon  
  78  6:46  Pylon  
  78  6:49  Pylon  
  78  6:50  Pylon  
  78  6:56  Pylon  
  78  6:58  Pylon  
  78  6:59  Immortal x2  
  86  7:01  Pylon  
  86  7:15  Dark Shrine  
  86  7:17  Zealot x4  
  86  7:22  Zealot x2  
  88  7:38  Immortal, Zealot x3  
  88  7:39  Zealot  
  94  7:53  Immortal  
  94  7:57  Zealot x2  
  102  8:03  Probe (Chrono Boost)  
  102  8:04  Probe x2 (Chrono Boost)  
  105  8:14  Probe x2 (Chrono Boost)  
  111  8:30  Dark Templar x3  
  111  8:31  Dark Templar x3  
Tags
 
League
Diamond
Matchup
PvP
Spawn Locations
Cross Positions
Add a new tag
Caveats
  • Supply blocks, unpowered buildings, or Contaminate may cause inaccurate times.
  • Supply counts are checked every 10 seconds.